[Event "EU-ch 12th"]
[Site "Aix les Bains"]
[Date "2011.03.31"]
[Round "9"]
[White "Lupulescu, Constantin"]
[Black "Polgar, Judit"]
[Result "0-1"]
[ECO "E35"]
[WhiteElo "2626"]
[BlackElo "2686"]
[Annotator "Estrin/Primel,D"]
[PlyCount "98"]
[EventDate "2011.03.22"]
[EventType "swiss"]
[EventRounds "11"]
[EventCountry "FRA"]
[SourceTitle "CBM 142 Extra"]
[Source "ChessBase"]
[SourceDate "2011.06.27"]
[SourceVersion "1"]
[SourceVersionDate "2011.06.27"]
[SourceQuality "1"]
[TimeControl "40/5400+30:1800+30"]

1. d4 Nf6 2. c4 e6 {Judith joue également régulièrement l'Est-Indienne mais а
Aix, elle a préféré la Nimzo dans plusieurs parties.} 3. Nc3 Bb4 4. Qc2 d5 {
Trés populaire depuis plusieurs années} (4... O-O 5. a3 Bxc3+ 6. Qxc3 b6 (6...
d6) (6... d5 {Une variante proche de la partie et qui est d'ailleurs souvent
une simple transposition} 7. cxd5)) (4... c5) 5. cxd5 (5. a3 {L'alternative}
Bxc3+ 6. Qxc3 Ne4 7. Qc2 Nc6 8. e3 e5 9. cxd5 Qxd5 10. Bc4 Qa5+
11. b4 Nxb4 12. Qxe4 Nc2+ 13. Ke2 Qe1+ 14. Kf3 Nxa1 {Rauzer,
V-Konstantinopolsky,A Leningrad-Kiev Match 1932 0-1}) (5. Nf3 dxc4 $1 6. e4 b5)
5... exd5 (5... Qxd5 $5 6. Nf3 Qf5 $11 {Eljanov,P (2692)-Anand,V (2799) Corus
Wijk aan Zee 2008 (3) 1/2} (6... O-O 7. Bd2 Bxc3 8. bxc3)) 6. Bg5 h6 7. Bh4 (7.
Bxf6 Qxf6 8. a3 (8. e3) 8... Bxc3+ 9. Qxc3) 7... c5 8. dxc5 (8. O-O-O $2 {
Estrin: Planning an unfortunate attempt to improve on Keres-Botvinnik, 1941,
which cost Lukin two points in this event.} Bxc3 {Lukin,A-Estrin,Y USSR ch-05
6063 1960 0-1}) (8. Nf3) (8. e3) 8... g5 $1 (8... Nc6 9. O-O-O g5 10. Bg3 Qa5
$13 {Battaglini,G (2092)-Sokolov,A (2543) Corsica op Bastia rapid 1999 (1) 0-1}
) 9. Bg3 {91} Ne4 {92 Les deux adversaires ont joué а tempo jusqu'ici} 10.
O-O-O {Une ligne risquée et qui doit bien convenir au style tactique de la
hongroise} (10. e3 {Plus courant} Qa5 11. Nge2 Bf5 $1 $132 {[%cal Gf5c2];
Bareev,E (2714)-Topalov,V (2735) Amber-blindfold 13th rapid 2004 (4) 1/2})
10... Bxc3 {85 D'habitude, dans cette variante les Noirs donnent la paire de B
pour obtenir une petite avance de développement mais en compensation, les
Blancs ont une meilleure structure et des perspectives а long terme. Dans
cette variante, les Noirs ont le beurre et l'argent du beurre!} 11. f3 {
91 La pointe du système des Blancs qui sacrifie la qualité et rentre dans des
positions peu claires.} Bd2+ $1 {09 Fin de la préparation des Noirs} (11...
Nxg3 $6 12. Qxc3 Nxe2+ 13. Nxe2 O-O 14. h4 $40 ) 12. Rxd2 Nxd2
13. Qxd2 d4 $5 $146 {62 La nouveauté a probablement été trouvée devant
l'échiquier} (13... Nc6 14. e3 (14. h4 g4 15. e3 Qa5 16. Qxa5 Nxa5 17. Ne2 gxf3
18. gxf3 Nc6 19. Nc3 Be6 20. e4 O-O-O 21. Nb5 dxe4 22. fxe4 Rdg8 23. Nd6+ Kd7
24. Be1 Rg6 25. Nxb7 Rhg8 26. Bb5 Rg1 27. Rxg1 Rxg1 28. Kd2 Kc7 {Seirawan,Y 
(2635)-Moiseenko,A (2715)/Ningbo 2011/1/2-1/2 (67)}) 14... Be6 15. Bb5 f6 16.
Ne2 Kf7 17. Bxc6 bxc6 18. Nd4 Bd7 19. Bd6 Qc8 20. Qa5 Re8 21. Kd2 g4 22. fxg4
Bxg4 23. Qc7+ Qxc7 24. Bxc7 Bd7 25. Bf4 h5 26. g3 a5 27. b3 Ra7 28. a3 {
Gongora Reyes,M (2452)-Corrales Jimenez,F (2597)/Toluca 2011/1/2-1/2 (36)}) (
13... Be6 14. h4 (14. e3 ) 14...
g4 15. e3 Nd7 $132 {Rajlich,I (2411)-Sethuraman,S (2425) Budapest FS06 GM 2008
(2) 1/2}) 14. Bd6 {[%csl Gd6,Re8] 74} (14. Be5 $143 {[%cal Ge5d4,Ge5h8] Trop
lent} O-O 15. h4 Nc6 $1 16. Bd6 Re8 $32 17. hxg5 Qxg5 (17... hxg5) 18. Nh3 Qxd2+ 19. Kxd2
Bf5 20. Nf4 Kg7 21. Nh5+ Kg6 $11) 14... Nc6 {[%csl Gc6] 54} 15. e3 {[%csl Re8]
Il faut profiter de la position exposée du K Noir pour ouvrir le jeu} dxe3 16.
Qc3 {Un joli coup intermédiaire} (16. Qxe3+ $143 Be6) 16... Rg8 17. Bb5 $1 (17.
h4 $2 Qa5 $17 ) 17... Be6 (17... Bd7 18. Qxe3+ Ne7 19. Ne2
$3 Bxb5 20. Nd4 $40 ) 18. Ne2 {[%cal Gh1d1,
Gh1e1] 66 Les blancs ont quasiment terminé le développement alors que le K
Noir est bloqué au centre} a6 {40} 19. Ba4 {26 Joué après une longue réflexion
pour évaluer les conséquences de l'échange en "c6"} (19. Bxc6+ bxc6 20. Nd4 $1
{[%csl Gd4][%cal Gd4c6,Gd4e6] Ce coup posait problème aux Noirs et il n'est
pas facile de trouver la raison pour laquelle, les Blancs n'ont pas joué 19.Bc6
} (20. Qxe3 Qd7 21. Nc3 O-O-O $6 22. Na4 $36 ) 20... Qd7 (20...
Bxa2 $2 21. Qxe3+) (20... Rg6 $2 21. Nxc6) (20... Bd5 21. Nxc6 $1 (21. Re1 ) 21... Bxc6 22. Qe5+ Kd7 23. Qf5+) (20... e2 21. Re1 Qd7 22. Qa5 ) 21. Re1 $36) 19... Qd7 20. Nd4 {26} O-O-O $13 {28} 21. Qd3 {19} (
21. Qxe3 Bd5 22. Rd1 g4) 21... Bd5 22. Qxe3 {8} b5 $1 {14} 23. Bc2 Rge8 {
Les pièces Noires sont maintenant bien coordonnées et les compensations des
Blancs vont être insuffisantes} 24. Qd2 Nxd4 25. Qxd4 Qe6 26. Qb4 (26. a4 Bb3
$36) 26... Bxa2 27. Rd1 {Un choix courageux des Blancs qui refusent de forcer
la nulle en jouant b3 mais avec seulement 02 mns pour passer le contrôle de
temps, c'est trés risqué.} (27. b3 Qf6 28. Qa5 Qa1+ 29. Kd2 Qd4+ 30. Kc1) 27... Qe3+ $1 {06 gagne un peu de temps
avec l'incrément} 28. Rd2 Qe1+ $1 29. Bd1 Re2
$36 {Une position trés compliquée mais qui convient au style tactique de la
hongroise} 30. Qg4+ Re6 31. Re2 $2 $138 {Les Blancs n'avaient plus qu'une
minute} (31. Qb4 $1 {Il vallait mieux répéter les coups plutôt que de risquer
de forcer la position.} Re2 32. Qg4+ f5 33. Qxf5+ Be6 34. Rxe2 Qxe2 35. Qh7
Qe3+ 36. Kb1 $132 ) 31... Qf1 $17 {04} 32. Qf5 (32.
Rxe6 Bxe6 33. Qe4 Qc4+ 34. Qxc4 Bxc4) 32... Bb3 33. Rd2 Qc4+ 34. Kb1 Ba2+ 35. Ka1 Qc1+ 36. Kxa2 Qxd2 37. Qxf7 Rexd6
$1 {les Blancs n'ont plus rien} 38. cxd6 Qxd6 $19 39. Bb3 Kb8 40. h3 Qe5 41.
Qg6 Rd6 42. Qg8+ Ka7 43. Qh7+ Kb6 44. Bc2 a5 45. Be4 Qe6+ 46. Ka1 Rd1+ 47. Bb1
a4 48. Qh8 Qd6 49. Qe8 Rd2 {Ce gain permet а la hongroise de rejoindre le
groupe de tête а 02 rondes de la fin.} 0-1

[Event "Sautron op 16th"]
[Site "Sautron"]
[Date "2016.10.29"]
[Round "9.4"]
[White "Maiorov, Nikita"]
[Black "Ider, Borya"]
[Result "1-0"]
[ECO "E35"]
[WhiteElo "2535"]
[BlackElo "2463"]
[Annotator "RR"]
[PlyCount "117"]
[EventDate "2016.10.22"]
[EventType "swiss"]
[EventRounds "9"]
[EventCountry "FRA"]
[SourceTitle "EXT 2019"]
[Source "ChessBase"]
[SourceDate "2018.10.10"]
[SourceVersion "1"]
[SourceVersionDate "2018.10.10"]
[SourceQuality "1"]
[TimeControl "40/5400+30:1800+30"]
[WhiteClock "0:33:41"]
[BlackClock "0:51:03"]

1. d4 e6 2. c4 Nf6 3. Nc3 Bb4 4. Qc2 d5 (4... O-O) (4... c5) 5. cxd5 exd5 6. Bg5 c5 7. dxc5 h6 8. Bh4 g5 9. Bg3 Ne4 10. Bxb8 (10. Nf3 Qa5 11. Nd2
Nxc3 12. bxc3 Bxc3 13. Rb1 Nc6 14. e3 Bb4 15. h4 gxh4 16. Rxh4 Qxc5 17. Qa4 Ba5
18. Bb5 Bd7 19. Qf4 Qc2 20. Bxc6 Qxd2+ 21. Kf1 Qd3+ 22. Kg1 Qxb1+ 23. Kh2 Bxc6
24. Qe5+ Kd7 25. e4 Rhe8 26. Qf5+ Kd8 27. Qxf7 Bd7 28. Qf6+ Kc8 29. exd5 b6 30.
Rc4+ Kb7 31. Rc7+ Ka6 32. Rxd7 Re1 {0-1 (32) Grandelius,N (2632)-Yu,Y (2736)
Doha 2015}) 10... Bxc3+ 11. bxc3 Rxb8 12. e3 {[%emt 0:06:32] Le GMI commence à réfléchir et il
décide d'éviter l'alternative Qa4} (12. Qa4+ Bd7 13. Qd4 O-O 14. f3 Nf6 15.
g4 $1 {[%cal Gh2h4] Bloquant le P pour renforcer l'attaque h4} b6 16. c6 Bxc6
17. h4 $36 {Jakovenko,D (2760)-Gelfand,B (2755) Jermuk FIDE GP 2009 (4) 1/2})
12... Qa5 13. Rc1 $146 (13. Bd3 Qxc3+ 14.
Qxc3 Nxc3 15. Kd2 Ne4+ 16. Bxe4 dxe4 17. Ne2 Be6 18. Rhb1 Kd7 19. Nd4 Rhc8 20.
Rb5 b6 21. cxb6 Rxb6 22. a4 Rc4 23. Rxb6 axb6 24. a5 bxa5 25. Rxa5 Rb4 26. Ra7+
Kd6 27. Ra6+ Kd5 28. Nxe6 fxe6 29. Ra5+ Kd6 30. g3 Rb2+ 31. Ke1 Rb1+ 32. Ke2
Rh1 33. h4 gxh4 34. Rh5 h3 35. Rxh6 {1/2-1/2 (35) Kobalia,M (2644)-Balogh,C 
(2531) Warsaw 2005}) 13... Bd7 14. Nf3 Rc8 15. Bd3 (15. Be2 {Plus souple} Nxc5 16. O-O
$14 ) 15... Nxc5 $132 16.
O-O Nxd3 17. Qxd3 O-O 18. Qd2 (18. Rfd1 Bb5 19.
Qxd5 Rfd8) 18... Rc7 19. Nd4 Rfc8 20. f4 $1 {[%emt 0:01:11][%csl Rg8][%cal Gf1f7,Gf4g5,Gd2g5] Non
seulement l'aile-roi Noire est affaiblie mais la Qa5 est assez mal placée
pour défendre sur l'autre aile} Rxc3 21. Nb3 $1 {[%emt 0:25:
12][%cal Gb3a5,Gb3c1,Gd2d5] Un coup multifonction} Qc7 22. fxg5 Qe5 23. gxh6 Qxe3+ $2 {[%emt 0:03:06] L'échange des Q ne va pas soulager les Noirs}
24. Qxe3 Rxe3 25. h7+ $1 {[%emt 0:07:51] La
pointe oubliée par le français et le GMI garde le P.} Kxh7 (
25... Kh8 26. Rxf7 Be6 (26... Ba4 27. Rxb7 $40 ) 27. Rxc8+ Bxc8
28. Rf8+) 26. Rxf7+ Kg8 27. Rxd7 (27. Rxc8+ {Semblait plus simple} Kxf7 28. Rc7 Re7 29. Rxb7 Bf5) 27...
Rxc1+ 28. Nxc1 Re1+ 29. Kf2 Rxc1 30. Rxd5 Rc2+ 31. Kf3 Rxa2 32. Rd8+ Kf7 33. Rd7+ Kg6 34. Rxb7
{[%emt 0:00:04][%csl Gg2,Gh2] Les Blancs ont des trés bonnes chances de gain
avec la majorité et au surplus la Ra2 va géner la progression du P "a7"} Ra3+ 35. Kf4 Ra4+ 36. Kg3 Ra3+ 37. Kh4 Ra2 38. Kh3 a6 39. Rc7 Ra5 40. g3 Kg5 41. Rc2 Rb5 42. Kg2 (42. Ra2 a5 43. Kg2 Rc5 44. h4+ Kg4 45. Ra4+ Kf5 46. Kh3 ) 42... a5 43. h4+ Kg6 44. Kh3 Rb6 45. Ra2 Ra6 46. Ra4 Kf5 47. g4+ Kg6 48. Kg3 Ra8 49. h5+ Kg5 50.
Rc4 Kh6 (50... a4 51. Rc5+ Kf6 52. g5+ Kg7
53. Rc7+ Kg8 $13 ) 51. Rc7 Rb8 (51... a4 52. Kh4 Ra5 53. g5+ Rxg5 54. Rc6+ ) 52.
Rc6+ Kh7 53. Ra6 $1 Rb5 54. Kh4 {[%emt 0:00:11][%cal Gh5h6,Gg4g5] Les Noirs sont
proches du zugzwang} Rc5 55. Ra7+ $1 (55. h6
Rc1 56. g5 Rh1+ 57. Kg4 Rg1+ 58. Kf4 Rf1+ 59. Ke4 Rg1 60. Rxa5 Kg6 61. Kf4 Rf1+
{[%csl Rf4] Et le K Blanc est trop exposé, les Noirs ayant la distance de
sécurité pour la R}) 55... Kg8 (55... Kh6 56. g5+ Rxg5 $4
57. Ra6+ ) 56. h6 Rb5 57. g5 Rc5 58. Kh5 Rb5 59. h7+ 1-0

[Event "Sautron op 15th"]
[Site "Sautron"]
[Date "2015.10.24"]
[Round "7.3"]
[White "Migot, Tangi"]
[Black "Le Roux, Jean Pierre"]
[Result "1/2-1/2"]
[ECO "E35"]
[WhiteElo "2399"]
[BlackElo "2572"]
[Annotator "RR"]
[PlyCount "104"]
[EventDate "2015.10.24"]
[EventType "swiss"]
[EventRounds "9"]
[EventCountry "FRA"]
[SourceTitle "CBM 169 Extra"]
[Source "ChessBase"]
[SourceDate "2015.12.18"]
[SourceVersion "1"]
[SourceVersionDate "2015.12.18"]
[SourceQuality "1"]
[TimeControl "40/5400+30:1800+30"]
[WhiteClock "0:04:05"]
[BlackClock "0:01:40"]

1. d4 Nf6 2. c4 e6 3. Nc3 Bb4 4. Qc2 d5 (4... O-O) (4... c5) 5. cxd5 exd5 6. Bg5 h6 7. Bh4 O-O 8. a3 (8. e3 c5 9. Nf3 Be6 10. Be2 Nbd7 11.
O-O Qa5 12. dxc5 Bxc3 13. bxc3 Rfc8 14. Rab1 Ne4 15. Rfc1 Rxc5 16. c4 Nd6 17.
Nd4 dxc4 18. Be7 Qc7 19. Nxe6 fxe6 20. Rd1 Rd5 21. Qg6 Nf8 22. Bxf8 Rxd1+ 23.
Rxd1 Kxf8 24. Qxe6 c3 25. Bh5 c2 26. Rc1 Rd8 27. g3 Qe7 28. Qxe7+ Kxe7 29. Rxc2
Rc8 30. Rxc8 Nxc8 31. f4 Nd6 32. Be2 Ne4 33. Bd3 Nc3 34. a3 Nd1 35. e4 Nb2 36.
Be2 Kd6 37. Kf2 Kc5 {Le,Q (2697)-Lenderman,A (2623) Las Vegas 2015 1-0}) 8...
Bxc3+ 9. Qxc3 b6 10. e3 g5 11. Bg3 c5 12. Bd3 cxd4 $1 13. Qxd4 Nc6 14. Qa4 $146 (14. Qc3 Bb7 15. Ne2 d4 16.
exd4 Re8 17. O-O Ne4 18. Bxe4 Rxe4 19. Rfe1 Rc8 20. Qd3 Nxd4 21. Nxd4 Rxd4 22.
Re8+ Qxe8 23. Qxd4 Qe4 24. Qxe4 Bxe4 25. f3 Bd5 26. Be5 Bb3 27. Bc3 Rd8 28. Kf2
Rd1 29. Rxd1 Bxd1 30. Be5 f5 31. Ke3 Kf7 32. Bb8 a6 33. Bc7 b5 34. f4 gxf4+ 35.
Bxf4 a5 36. Bxh6 b4 37. axb4 axb4 38. Kf4 Kg6 39. Bf8 b3 40. Bb4 Be2 41. Bd2
Bd1 42. Ke5 {1/2-1/2 (42) Olafsson,H (2520)-Barbero,G (2495) Budapest 1989})
14... Bd7 15. Bb5 Ne4 $1 {[%emt 0:05:42] La
pointe!} 16. Bxc6 $5 {[%emt 0:14:13][%csl Re1] Un sacrifice de Q assez risqué
car les Noirs ont une avance de déveoppement.} Nc5 17. Bxd7 Nxa4 18. Bxa4 b5 19. Bd1 Qf6 20. Nf3 Rae8 $32 (20... Rfe8 ) 21. Ra2 d4 22. O-O (22. Nxd4 Qxd4) 22... dxe3 23. fxe3 Rxe3 24. Bf2 Re4 25. Nd2 Rf4 26. g3 Rf5 27.
Bg4 Rd5 28. b4 Qd8 (28... Rfd8) 29. Nb3 f5 30. Be2 f4 31. Nc5 fxg3 32. hxg3 Qe8 33. Bd1 $1 {[%emt 0:00:19]
[%csl Rd5,Rg8][%cal Gd1b3,Gb3g8] La paire de B est très forte dans cette
position ouverte et le K Noir est très exposé} Kh8 34. Re2 Rxd1 $1 (34... Qg6) 35. Rxe8 Rxf1+ 36. Kxf1 Rxe8 37. Nb3 Re7 38. Nd4 a6 39. Nb3 (39. g4 ) 39... Rd7 (39... Rc7) 40. Nc5 Rd6 41. g4 Kh7 42. Bg3 Rd4 43.
Nxa6 Rxg4 44. Kf2 h5 {
[%emt 0:10:01][%csl Gg5,Gh5] Les Noirs ont des petites chances} 45. Nc7 h4 46. Bd6 Rc4 (46... h3 47. Nxb5 Rg2+ 48. Kf1 Ra2) 47. Nxb5 g4 48. Be5 Kg6 49. Nd4 g3+ 50. Kg2 Kh5 51.
Kh3 Rc1 52. Nf3 Rh1+ 1/2-1/2